 Dungeon Crawl Stone Soup version 0.30-a0-743-gbfdf073431 (webtiles) character file.

Game seed: 17956835423977478755

70 xian the Vexing (level 4, -5/32 HPs)
             Began as a Demonspawn Hexslinger on Feb 7, 2023.
             Slain by an iguana (8 damage)
             ... on level 3 of the Dungeon.
             The game lasted 00:07:35 (2021 turns).

xian the Vexing (Demonspawn Hexslinger)             Turns: 2021, Time: 00:07:36

Health: -5/32      AC:  8    Str: 12    XL:     4   Next: 4%
Magic:  0/5        EV: 12    Int: 15    God:
Gold:   192        SH:  0    Dex: 13    Spells: 4/5 levels left

rFire   . . .      SeeInvis .    i - +0 short sword
rCold   . . .      Faith    .    (no shield)
rNeg    . . .      Spirit   +    c - +0 robe
rPois   .          Reflect  .    (helmet restricted)
rElec   .          Harm     .    (no cloak)
rCorr   .          Rampage  .    (no gloves)
Will    .....                    (no boots)
Stlth   +                        f - amulet of guardian spirit
HPRegen 0.25/turn                (no ring)
MPRegen 0.09/turn                (no ring)

@: sanguine armoured
A: antennae 1, sanguine armour 1
a: no special abilities


You were on level 3 of the Dungeon.
You visited 1 branch of the dungeon, and saw 4 of its levels.

You collected 192 gold pieces.

Inventory:

Hand Weapons
 a - a +1 sling
 i - a +0 short sword (weapon)
Missiles
 k - 12 poisoned darts
Armour
 c - a +0 robe (worn)
 g - a +0 helmet
Jewellery
 f - an amulet of guardian spirit (around neck)
Scrolls
 b - a scroll of poison
 h - 4 scrolls of fear
 l - a scroll of blinking
Potions
 d - a potion of heal wounds
 e - a potion of degeneration {unknown}
 j - a potion of curing


   Skills:
 + Level 1.4 Fighting
 + Level 2.9 Ranged Weapons
 + Level 2.3 Dodging
 + Level 0.1 Stealth
 + Level 1.0 Spellcasting
 + Level 3.5 Hexes


You had 4 spell levels left.
You knew the following spells:

 Your Spells              Type           Power      Damage    Failure   Level
a - Slow                  Hex            44%        N/A       5%          1

Your spell library contained the following spells:

 Spells                   Type           Power      Damage    Failure   Level
 Inner Flame              Hex/Fire       6%         N/A       34%         3
 Portal Projectile        Hex/Tloc       12%        N/A       34%         3
 Lesser Beckoning         Tloc           0%         N/A       36%         2
 Cause Fear               Hex            5%         N/A       50%         4
 Gell's Gravitas          Tloc           0%         N/A       58%         3
 Teleport Other           Tloc           0%         N/A       58%         3


Dungeon Overview and Level Annotations

Branches:
Dungeon (4/15)
 Temple: D:4-7

Altars:

Shops:
D:1 !

Annotations:
D:2 Pargi
D:3 Sigmund


Innate Abilities, Weirdness & Mutations

You have a pair of small antennae on your head.
When seriously injured, your blood forms armour. (AC +6)


Message History

The iguana barely misses you.
You hit the iguana but do no damage.
The iguana is lightly wounded.
The iguana bites you but does no damage.
You hit the iguana but do no damage.
The iguana is lightly wounded.
The iguana bites you.
You hit the iguana but do no damage.
The iguana is lightly wounded.
The iguana barely misses you.
You hit the iguana but do no damage.
The iguana is lightly wounded.
The iguana bites you!
* * * LOW HITPOINT WARNING * * *
Unknown command.
There is a stone staircase leading up here.
The iguana hisses menacingly.
The iguana barely misses you.
You climb upwards.
Level annotation: Sigmund
Found 11 gold pieces and a scroll of identify.
There is a stone staircase leading down here.
Casting: Slow (safe; 5% risk of failure)
Confirm with . or Enter, or press ? or * to list all spells.
Aiming: Slow (safe; 5% risk of failure)
Press: ? - help, Shift-Dir - straight line, f - iguana
Aim: an iguana (lightly wounded, chance to affect: 53%)
The iguana resists with significant effort.
The iguana closely misses you.
Casting: Slow (safe; 5% risk of failure)
Confirm with . or Enter, or press ? or * to list all spells.
Aiming: Slow (safe; 5% risk of failure)
Press: ? - help, Shift-Dir - straight line, f/p - iguana
Aim: an iguana (lightly wounded, chance to affect: 53%)
The iguana seems to slow down.
The dart slug launches a dart at you. The slug dart hits you.
* * * LOW HITPOINT WARNING * * *
The iguana bites you!
You die...

.......
.......
.......
.......
##....w..
#........
#l.......
#@r.....$
#.?......
#........
##.......
#.....#
######


You could see an iguana (slow), a dart slug and a rat.

Vanquished Creatures
  A gnoll (D:1)
  A dart slug (D:1)
  An orc (D:3)
  8 ball pythons
  4 endoplasms
  3 giant cockroaches
  5 goblins
  7 hobgoblins
  4 jackals
  2 quokkas (D:1)
  3 bats
  3 frilled lizards
  2 kobolds
  8 rats
52 creatures vanquished.

Notes
Turn   | Place    | Note
-------+----------+-------------------------------------------
     0 | D:1      | xian the Demonspawn Hexslinger began the quest for the Orb.
     0 | D:1      | Reached XP level 1. HP: 15/15 MP: 2/2
   137 | D:1      | Found Acajoz's Distillery.
   160 | D:1      | Gained mutation: When seriously injured, your blood forms
                  | armour. (AC +6) [demonic ancestry]
   160 | D:1      | Reached XP level 2. HP: 21/21 MP: 3/3
   368 | D:1      | Reached XP level 3. HP: 26/26 MP: 4/4
   658 | D:1      | Found a faded altar of an unknown god.
  1477 | D:3      | Noticed Pargi
  1800 | D:3      | Noticed Sigmund
  1805 | D:3      | Gained mutation: You have a pair of small antennae on your
                  | head. [demonic ancestry]
  1805 | D:3      | Reached XP level 4. HP: 19/32 MP: 2/5
  2021 | D:3      | Slain by an iguana

Illustrated notes

Levels and vault maps discovered:
D:1:      ncdulo_watergridlock, layout_rooms, serial_shops, nicolae_shop_stone,
          basic_ecumenical_altar, st_stairs_4, dreamdust_wishing_well,
          nrook_mini_vaults, minmay_tromino_v4_b
D:2:      layout_loops_ring
D:3:      layout_rooms, mainiacjoe_overflow_cross_hatched, uniq_sigmund,
          uniq_pargi
D:4:      layout_loops_ring, portal_sewer_entry_b, kennysheep_flooded_box,
          grunt_decor_one_mirror

Skill      XL: |  1  2 |
---------------+-------+-----
Ranged Weapons | 2 |  2.9
Dodging        | 2 |  2.3
Fighting       | |  1.4
Stealth        | |  0.1
Spellcasting   | |  1.0
Hexes          | |  3.5

Action                     |  1- 3 |  4- 6 || total
---------------------------+-------+-------++-------
  Melee: Short sword       |       |    10 ||    10
         Sling             |       |     1 ||     1
   Fire: Sling             |   147 |     8 ||   155
   Cast: Slow              |    11 |     2 ||    13
    Use: Scroll            |     3 |     3 ||     6
 Armour: Robe              |    29 |     9 ||    38
  Dodge: Dodged            |    89 |    19 ||   108

Table legend: (Time is in decaauts)
 A = Elapsed time spent in this place.
 B = Non-inter-level travel time spent in this place.
 C = Inter-level travel time spent in this place.
 D = Time resting spent in this place.
 E = Time spent auto-exploring this place.
 F = Levels seen in this place.
 G = Mean time per level.
                   A        B        C        D        E       F      G
               +--------+--------+--------+--------+--------+-----+--------+
         Total |   2067 |   2009 |     58 |     77 |   1291 |   4 |  516.8 |
       Dungeon |   2067 |   2009 |     58 |     77 |   1291 |   4 |  516.8 |
               +--------+--------+--------+--------+--------+-----+--------+

Top non-repeatable levels by time:
     D:2: 948 daAuts
     D:1: 710 daAuts
     D:3: 214 daAuts
     D:4: 194 daAuts
